AoeStats
← Yulego24

Oasis

509959117Analyzed
2v2 RM · 4d ago on Sep 28, 2026· 30m 28s· 4 players
Game mode
Random Map
Map size
Medium (4 player)
Population
200
Speed
Normal
Resources
Standard
Victory
Conquest
Starting age
Dark Age
Ending age
Imperial Age
RankedLock teamsTeams togetherTeam positionsShared explorationLock speedFull tech treeHidden civsTurbo modeCheats
Victory
Defeat
🇪🇸 Bulgarians · Spain
1080
+15
🇹🇷 Burgundians · Türkiye
1039
+16
🇨🇷 Varangians · Costa Rica
1062
-16
🇨🇷 Franks · Costa Rica
1040
-15
aksoy14537540
6:56 Double-Bit Axe
7:54 Horse Collar
10:24 Feudal Age
11:43 Bow Saw
19:03 Castle Age
17:11 Heavy Plow
17:53 Gold Mining
18:57 Scale Barding Armor
19:03 Forging
19:33 Cavalier
20:14 Husbandry
24:59 Wheelbarrow
26:35 Two-Man Saw
26:45 Chain Barding Armor
29:31 Crop Rotation
29:50 Gold Shaft Mining
30:46 Hand Cart
hass
4:54 Loom
10:37 Feudal Age
11:54 Double-Bit Axe
15:22 Forging
15:13 Scale Mail Armor
18:08 Horse Collar
22:31 Wheelbarrow
22:07 Gold Mining
25:03 Castle Age
23:45 Stone Mining
24:54 Scale Barding Armor
24:44 Fletching
26:32 Gambesons
26:48 Squires
27:27 Iron Casting
28:31 Town Watch
29:22 Bodkin Arrow
Ganito
8:01 Loom
10:16 Feudal Age
14:02 Wheelbarrow
18:38 Castle Age
19:08 Double-Bit Axe
23:26 Town Watch
23:44 Double-Bit Axe
23:41 Horse Collar
27:20 Stone Mining
27:33 Heavy Plow
27:52 Fervor
28:39 Pikeman
30:39 Fortified Wall
Yulego24
7:58 Loom
10:36 Feudal Age
11:59 Double-Bit Axe
27:16 Castle Age
25:53 Scale Barding Armor
26:52 Forging
29:19 Fletching
Connection lost

Rejoining the realm…

Still unreachable

The connection could not be restored.

Session expired

The server has moved on; the page needs a fresh start.